 Dungeon Crawl Stone Soup version 0.23-a0-446-g036aa52 (webtiles) character file.

25 JeffiDaFish the Grave Robber (level 2, 0/15 HPs)
             Began as a Deep Elf Necromancer on Nov 18, 2018.
             Slain by a jackal (2 damage)
             ... on level 1 of the Dungeon.
             The game lasted 00:01:37 (951 turns).

JeffiDaFish the Grave Robber (Deep Elf Necromancer)  Turns: 951, Time: 00:01:38

Health: 0/15       AC:  2    Str:  5    XL:     2   Next: 86%
Magic:  0/8        EV: 28    Int: 19    God:
Gold:   68         SH:  0    Dex: 15    Spells: 6/7 levels left

rFire    . . .     SeeInvis .   (no weapon)
rCold    . . .     Gourm    .   (no shield)
rNeg     . . .     Faith    .   a - +0 robe
rPois    .         Spirit   .   (no helmet)
rElec    .         Reflect  .   (no cloak)
rCorr    .         Harm     .   (no gloves)
MR       .....                  (no boots)
Stlth    ++........             b - amulet of the acrobat
HPRegen  0.05/turn              (no ring)
MPRegen  0.11/turn              (no ring)

@: very slightly contaminated
A: no striking features
a: no special abilities


You were on level 1 of the Dungeon.
You were not hungry.

You visited 1 branch of the dungeon, and saw 1 of its levels.

You collected 68 gold pieces.

Inventory:

Armour
 a - a +0 robe (worn)
Jewellery
 b - an amulet of the acrobat (around neck)
Scrolls
 d - a scroll of magic mapping
Comestibles
 c - 3 rations


   Skills:
 + Level 2.8 Dodging
 + Level 2.9 Stealth
 + Level 3.4 Spellcasting
 * Level 5.3 Necromancy


You had 6 spell levels left.
You knew the following spells:

 Your Spells              Type           Power        Failure   Level  Hunger
a - Pain                  Necr           ###.         1%          1    None

Your spell library contained the following spells:

 Spells                   Type           Power        Failure   Level  Hunger
 Animate Skeleton         Necr           N/A          1%          1    None
 Vampiric Draining        Necr           ###.......   4%          3    ###....
 Regeneration             Chrm/Necr      ##........   14%         3    ###....
 Animate Dead             Necr           N/A          16%         4    ####...


Dungeon Overview and Level Annotations

Branches:
Dungeon (1/15)

Altars:


Message History

Aim: a jackal (lightly wounded, chance to defeat MR: 92%)
The jackal writhes in agony!
The jackal barely misses you. x2
Casting: Pain (safe; 1% risk of failure)
Confirm with . or Enter, or press ? or * to list all spells.
You don't have enough magic to cast that spell.
Unknown command.
The jackal completely misses you.
Casting: Pain (safe; 1% risk of failure)
Confirm with . or Enter, or press ? or * to list all spells.
Aiming: Pain (safe; 1% risk of failure)
Press: ? - help, Shift-Dir - straight line, f/p - jackal
Aim: a jackal (severely wounded, chance to defeat MR: 92%)
You miscast Pain.
You are very lightly contaminated with residual magic.
Your bones ache.
The jackal closely misses you.
The jackal stops to sniff the ground.
The jackal misses you. The jackal completely misses you. The jackal bites you.
You die...

##.##.##.##.#.#.#.#.#.##.....#
#≈§#.###..#.#.#.....#....#.###*
#§§##.###.#.###...########.#,,.
#.##.#..#.##.##.###........#,#.
#...##..##.#..#.# #...######,..
####.§§.#.#.#.#.# #...# *†..
####.≈.<#.#§.##.# #...# ###h..
#§≈.######.#.##.# #...# #..h..
#≈.≈###...###.@h###...####.#,,,
#..≈##.####..##.........†..#,*,
#.>≈###..################..#,*,
#≈≈≈# ####**************#.)#,**
##### *,,,,,,,,,,,,,**,,.....,,
*,***********,**,##.....# *,*
*,,,**,*#......
*,**************,*##....#
*,**,,,,,,,,,,,,,* #....#


You could see a jackal.

Vanquished Creatures
  A dart slug (D:1)
  A leopard gecko (D:1)
  A giant cockroach (D:1)
  A goblin (D:1)
  3 hobgoblins (D:1)
  4 jackals (D:1)
  4 bats (D:1)
  3 frilled lizards (D:1)
  A kobold (D:1)
  3 rats (D:1)
22 creatures vanquished.

Notes
Turn   | Place    | Note
-------+----------+-------------------------------------------
     0 | D:1      | JeffiDaFish the Deep Elf Necromancer began the quest for
                  | the Orb.
     0 | D:1      | Reached XP level 1. HP: 10/10 MP: 6/6
   243 | D:1      | Reached skill level 5 in Necromancy
   273 | D:1      | Reached XP level 2. HP: 10/15 MP: 2/8
   951 | D:1      | Slain by a jackal

Vault maps used:
D:1:      dpeg_arrival_brainrot

Skill      XL: |  1 |
---------------+----+-----
Necromancy     | 5 |  5.3
Dodging        | |  2.8
Stealth        | |  2.9
Spellcasting   | |  3.4

Action                   || total
-------------------------++-------
Melee: Unarmed           ||     1
 Cast: Pain              ||    36
  Use: Scroll            ||     3
       Potion            ||     2
Armor: Robe              ||     3
Dodge: Dodged            ||    12

Table legend:
 A = Non-vault XP
 B = Vault XP
 C = Vault XP percentage of total XP
 D = Non-vault monster count
 E = Vault monster count
 F = Vault count percentage of total count
                 A         B        C        D         E       F
            +---------+---------+-------+---------+---------+-------
      Total |      35 |       2 |   5.4 |      21 |       1 |   4.5
            +---------+---------+-------+---------+---------+-------
        D:1 |      35 |       2 |   5.4 |      21 |       1 |   4.5
            +---------+---------+-------+---------+---------+-------
